 Dungeon Crawl Stone Soup version 0.30-b1-2-g02819fbbbe (webtiles) character file.

Game seed: 5607364116511245563

1791 snakesoul the Shield-Bearer (level 9, 0/71 HPs)
             Began as a Formicid Fighter on May 31, 2023.
             Was an Initiate of Okawaru.
             Succumbed to a hornet's poison
             ... on level 5 of the Dungeon.
             The game lasted 00:10:40 (6561 turns).

snakesoul the Shield-Bearer (Formicid Fighter)      Turns: 6561, Time: 00:10:41

Health: 0/71       AC: 10    Str: 32    XL:     9   Next: 30%
Magic:  8/9        EV: 12    Int:  7    God:    Okawaru [......]
Gold:   325        SH:  7    Dex: 13    Spells: 8/8 levels left

rFire   . . .        a - +0 war axe
rCold   . . .        c - +0 buckler
rNeg    . . .        b - +0 scale mail
rPois   .            (helmet unavailable)
rElec   .            p - +0 cloak
rCorr   .            (no gloves)
SInv    +            (no boots)
Will    .....        (no amulet)
Stlth   +            m - +6 ring of strength
HPRegen 0.31/turn    (no ring)
MPRegen 0.11/turn

%: no passive effects
@: lethally poisoned (0 -> -15), heroic
A: permanent stasis, dig shafts and tunnels, antennae 3, four strong arms,
hooves 1
a: Dig, Shaft Self, Renounce Religion


You were on level 5 of the Dungeon.
You worshipped Okawaru.
Okawaru was noncommittal.
You visited 2 branches of the dungeon, and saw 7 of its levels.

You collected 325 gold pieces.

Inventory:

Hand Weapons
 a - a +0 war axe (weapon)
Missiles
 q - 3 boomerangs
 u - 4 javelins (quivered)
 z - 3 atropa-tipped darts
 A - 4 poisoned darts
 B - 5 datura-tipped darts
 C - a throwing net
Armour
 b - a +0 scale mail (worn)
 c - a +0 buckler (worn)
 e - a scarf of repulsion
 p - a +0 cloak (worn)
Jewellery
 m - a +6 ring of strength (left hand)
 w - a +6 ring of dexterity
 y - a ring of positive energy
Scrolls
 d - a scroll of enchant armour {unknown}
 f - 6 scrolls of identify {unknown}
 l - a scroll of summoning {unknown}
 n - 3 scrolls of teleportation {unknown}
 o - a scroll of torment {unknown}
 s - a scroll of acquirement {unknown}
 v - 2 scrolls of magic mapping {unknown}
 x - a scroll of silence {unknown}
 D - a scroll of noise {unknown}
Potions
 h - a potion of lignification {unknown}
 i - a potion of magic {unknown}
 j - a potion of heal wounds {unknown}
 k - 4 potions of mutation
 r - a potion of flight {unknown}
 t - 2 potions of attraction {unknown}


   Skills:
 + Level 6.6(11.6) Fighting
 + Level 5.6(10.6) Axes
 + Level 4.3(9.3) Throwing
 + Level 6.6(11.6) Armour
 + Level 7.8(12.8) Shields


You had 8 spell levels left.
You didn't know any spells.
Your spell library contained the following spells:

 Spells                   Type           Power      Damage    Failure   Level
 Magic Dart               Conj           0%         1d3       65%         1
 Necrotise                Necr           0%         1d4       65%         1
 Sting                    Tmut/Pois      0%         1d3       65%         1
 Ensorcelled Hibernation  Hex/Ice        0%         N/A       78%         2
 Passwall                 Tmut/Erth      0%         N/A       78%         2
 Poisonous Vapours        Pois/Air       0%         N/A       78%         2
 Searing Ray              Conj           0%         2d4       78%         2
 Portal Projectile        Hex/Tloc       0%         N/A       95%         3
 Vampiric Draining        Necr           0%         2d6       95%         3
 Fulminant Prism          Conj/Hex       0%         3d5       100%        4
 Leda's Liquefaction      Hex/Erth       0%         N/A       100%        4
 Olgreb's Toxic Radiance  Pois           0%         N/A       100%        4
 Agony                    Necr           0%         N/A       100%        5
 Call Canine Familiar     Summ           Unusable   N/A       N/A         3
 Swiftness                Air            Unusable   N/A       N/A         3

Dungeon Overview and Level Annotations

Branches:
Dungeon (6/15)             Temple (1/1) D:4

Altars:
Cheibriados
Elyvilon
Kikubaaqudgha
Makhleb
Okawaru
Sif Muna
Trog
Vehumet
Xom
The Shining One

Annotations:
D:6 BobG's ghost, novice MiBe


Innate Abilities, Weirdness & Mutations

You cannot be hasted, slowed, berserked, paralysed or teleported.
You can dig through walls and to a lower floor.
You have a pair of large antennae on your head. (SInv)
Your four strong arms can wield two-handed weapons with a shield.
You have large cloven feet.


Message History

You feel very sick. The hornet stings you!
* * * LOW HITPOINT WARNING * * *
You are lethally poisoned!
Your stasis prevents you from being slowed.
The hornet barely misses you.
You miss the hornet.
The hornet is lightly wounded.
* * * LOW HITPOINT WARNING * * *
You feel very sick.
The hornet stings you but does no damage.
You feel better. The hornet stings you.
* * * LOW HITPOINT WARNING * * *
You are lethally poisoned!
Your stasis prevents you from being slowed.
You feel better. You block the hornet's attack. The hornet stings you!
* * * LOW HITPOINT WARNING * * *
You are poisoned.
Your stasis prevents you from being slowed.
You feel better. The hornet stings you!
* * * LOW HITPOINT WARNING * * *
You are poisoned.
Your stasis prevents you from being slowed.
Okay, then.
It was a potion of mutation.
You feel extremely strange.
Your feet thicken and deform.
You feel very sick. The hornet stings you.
* * * LOW HITPOINT WARNING * * *
You are more poisoned.
Your stasis prevents you from being slowed.
The hornet stings you.
* * * LOW HITPOINT WARNING * * *
Your stasis prevents you from being slowed.
Unknown command.
Unknown command.
Unknown command.
You closely miss the hornet. You kick the hornet, but do no damage.
The hornet is lightly wounded.
You die...

##.####### #.......##........
.........# ##......#######...
##.#####.# #....#.# ##.. ##.#
#.########.#.##.# ##. ...#
#..........#....# #. ####
#..######..####.# #. # #..#
#.......# ##' ## #..####
#.#####.# ##.. .## #.....#
#@#####.# ##... ..## ##<.##.#
#y#...#.## ##..).
...####...##.###K#......####...))
...'............K)K).......+.....
...####...##.######[#...####.....
..## ##.##.#.## #.##.## ##....
.## ##..###.# #)#### ##... ##
#.#.#.## #.# ##.. # #.##.##
#)############+


You could see a hornet and 2 kobolds.

Vanquished Creatures
  A water moccasin (D:5)
  2 ice beasts (D:5)
  3 phantoms
  An ogre (D:3)
  A kobold brigand (D:5)
  A bullfrog (D:5)
  A scorpion (D:6)
  A howler monkey (D:5)
  2 hounds
  A gnoll bouda (D:5)
  5 orc priests (D:3)
  2 iguanas (D:4)
  Jessica (D:3)
  Ijyb (D:3)
  Natasha (thrice) (D:3)
  7 orc wizards
  Robin (D:3)
  14 gnolls
  9 adders
  2 white imps (D:5)
  3 worms (D:2)
  4 dart slugs
  24 orcs
  6 bats
  10 endoplasms
  3 giant cockroaches
  11 goblins
  8 hobgoblins
  5 quokkas
  10 ball pythons
  3 frilled lizards
  10 kobolds
  6 rats
162 creatures vanquished.

Vanquished Creatures (others)
  6 fungi (D:6)
6 creatures vanquished.

Grand Total: 168 creatures vanquished

Notes
Turn   | Place    | Note
-------+----------+-------------------------------------------
     0 | D:1      | snakesoul the Formicid Fighter began the quest for the Orb.
     0 | D:1      | Reached XP level 1. HP: 18/18 MP: 1/1
    54 | D:1      | Reached XP level 2. HP: 24/24 MP: 2/2
   555 | D:1      | Reached XP level 3. HP: 29/29 MP: 3/3
   881 | D:2      | Reached XP level 4. HP: 16/37 MP: 4/4
  1674 | D:3      | Reached skill level 5 in Shields
  1674 | D:3      | Reached XP level 5. HP: 10/42 MP: 5/5
  1799 | D:3      | Noticed Jessica
  1801 | D:3      | Killed Jessica
  1993 | D:3      | Noticed Robin
  2009 | D:3      | Noticed Natasha
  2038 | D:3      | Killed Natasha
  2039 | D:3      | Reached XP level 6. HP: 45/49 MP: 6/6
  2075 | D:3      | Killed Robin
  2117 | D:3      | Noticed Natasha
  2129 | D:3      | Killed Natasha
  2130 | D:3      | Reached skill level 1 in Throwing
  2166 | D:3      | Noticed an ogre
  2171 | D:3      | Killed an ogre
  2265 | D:3      | Reached XP level 7. HP: 41/55 MP: 7/7
  2321 | D:3      | Noticed Ijyb
  2365 | D:3      | Killed Ijyb
  2443 | D:3      | Noticed Natasha
  2447 | D:3      | Killed Natasha
  2612 | D:3      | Reached skill level 5 in Fighting
  2797 | D:3      | Reached skill level 6 in Shields
  2960 | D:3      | Reached skill level 5 in Armour
  3198 | D:4      | Found a staircase to the Ecumenical Temple.
  3207 | Temple   | Entered the Ecumenical Temple
  3213 | Temple   | Became a worshipper of Warmaster Okawaru
  3381 | D:4      | Reached XP level 8. HP: 62/62 MP: 8/8
  4283 | D:4      | Found an ancient bone altar of Kikubaaqudgha.
  4292 | D:4      | Found a white marble altar of Elyvilon.
  4438 | D:5      | Entered Level 5 of the Dungeon
  4853 | D:5      | Reached skill level 7 in Shields
  5243 | D:5      | Reached skill level 5 in Axes
  5288 | D:5      | Reached * piety under Okawaru
  6062 | D:6      | Noticed BobG's ghost (novice MiBe)
  6086 | D:6      | Reached XP level 9. HP: 69/69 MP: 9/9
  6541 | D:6      | Noticed a hornet
  6560 | D:5      | Gained mutation: You have large cloven feet. [potion of
                  | mutation]
  6560 | D:5      | HP: 2/71 [hornet (4)]
  6561 | D:5      | Succumbed to a hornet's poison

Illustrated notes

Levels and vault maps discovered:
D:1:      dpeg_arrival_tiny_a, layout_basic
D:2:      layout_loops_ring, serial_aquarium, aquarium_bridge_long_joined
          [aquarium_subvault_wall, aquarium_subvault_balcony,
          aquarium_subvault_wall, aquarium_subvault_balcony,
          aquarium_subvault_bridge, aquarium_subvault_balcony],
          aquarium_window_1, aquarium_window_fake, aquarium_window_corner,
          aquarium_window_1, aquarium_view_2g, aquarium_view_2d
D:3:      layout_loops_cross, gup_sewer_entry_bubbles, uniq_robin, uniq_jessica,
          uniq_ijyb, uniq_natasha
D:4:      layout_layer_cave, mainiacjoe_overflow_swirl,
          minmay_temple_entry_slanted
D:5:      layout_loops_corners
D:6:      layout_cave_pools, mainiacjoe_overflow_cross_hatched,
          gammafunk_ghost_icy
Temple:   eino_narrow_crystal_temple

Skill      XL: |  1  2  3  4  5  6  7  8  9 |
---------------+----------------------------+-----
Armour         | 4 5 6 |  6.6
Fighting       | 4 5 6 |  6.6
Axes           | 3 4 5 |  5.6
Shields        | 5 6 7 |  7.8
Throwing       | 1 2 3 4 |  4.3

Action                     |  1- 3 |  4- 6 |  7- 9 || total
---------------------------+-------+-------+-------++-------
  Melee: War axe           |    66 |   105 |   315 ||   486
         Kick              |       |       |     1 ||     1
  Throw: Javelin           |       |       |     2 ||     2
 Invoke: Heroism           |       |       |     1 ||     1
    Use: Potion            |       |     2 |     4 ||     6
 Armour: Scale mail        |    45 |    37 |   121 ||   203
  Dodge: Dodged            |    31 |    50 |   146 ||   227
         Repelled          |     1 |       |       ||     1
  Block: Buckler           |    21 |    28 |   104 ||   153
